Map: Prion Terraces

Players

대한

  • Race: Protoss Protoss
  • League: Diamond

ILLBdA - Winner!

  • Race: Protoss Protoss
  • League: Diamond

VOD

Have the link to the VOD?

Description

Time

  • Played on: Dec. 30, 2015, 9:24 a.m.
  • Length: 3:39
Show
View Real Time Build Order
Export as new Build Order

대한 Protoss 

Build Orders: 1 Gate Expand 

Get SALT Encoding   

  12  0:01  Probe (Chrono Boost)  
  13  0:11  Probe (Chrono Boost)  
  14  0:19  Pylon  
  14  0:22  Probe (Chrono Boost)  
  15  0:37  Probe (Chrono Boost)  
  15  0:39  Gateway  
  15  0:41  Assimilator  
  16  0:47  Probe (Chrono Boost)  
  17  0:57  Assimilator  
  17  0:58  Probe (Chrono Boost)  
  18  1:08  Probe (Chrono Boost)  
  19  1:18  Pylon  
  19  1:19  Probe (Chrono Boost), Pylon  
  20  1:30  Zealot (Chrono Boost)  
  22  1:41  Nexus  
  22  2:03  Zealot (Chrono Boost)  
Show
View Real Time Build Order
Export as new Build Order

ILLBdA Protoss - Winner!

Build Orders: Cannon Rush 

Get SALT Encoding   

  12  0:01  Probe (Chrono Boost)  
  13  0:11  Probe (Chrono Boost)  
  14  0:18  Pylon  
  14  0:22  Probe (Chrono Boost)  
  15  0:36  Probe (Chrono Boost)  
  15  0:37  Forge  
  16  0:46  Probe (Chrono Boost)  
  18  0:57  Probe (Chrono Boost)  
  18  1:14  Pylon  
  18  1:16  Pylon  
  18  1:17  Pylon  
  18  1:19  Pylon  
  18  1:22  Pylon  
  18  1:32  Photon Cannon  
  18  1:35  Photon Cannon  
  18  1:44  Gateway  
  18  1:49  Photon Cannon  
  18  2:02  Photon Cannon  
  18  2:17  Pylon  
  18  2:19  Photon Cannon  
  18  2:20  Probe (Chrono Boost)  
  19  2:31  Pylon  
  19  2:32  Probe (Chrono Boost)  
  19  2:34  Zealot (Chrono Boost)  
  22  2:43  Probe  
  19  3:07  Probe (Chrono Boost), Photon Cannon  
  19  3:18  Probe (Chrono Boost)  
Tags
 
Add a new tag
Caveats
  • Supply blocks, unpowered buildings, or Contaminate may cause inaccurate times.
  • Supply counts are checked every 10 seconds.